 Dungeon Crawl Stone Soup version 0.28-a0-957-g42eb19b844 (webtiles) character file.

Game seed: 17917289097592217264

977 browni3141 the Basher (level 7, -5/56 HPs)
             Began as a Demigod Fighter on Nov 30, 2021.
             Slain by a black bear (6 damage)
             ... on level 5 of the Dungeon.
             The game lasted 00:12:41 (5599 turns).

browni3141 the Basher (Demigod Fighter)             Turns: 5599, Time: 00:12:42

Health: -5/56      AC:  8    Str: 25    XL:     7   Next: 63%
Magic:  9/9        EV:  7    Int: 10    God:
Gold:   66         SH:  8    Dex: 13    Spells: 6/6 levels left

rFire   . . .      SeeInvis .   a - +0 flail
rCold   . . .      Faith    .   C - +0 kite shield
rNeg    + . .      Spirit   .   b - +0 scale mail
rPois   .          Reflect  .   g - +0 helmet
rElec   .          Harm     .   d - +0 cloak
rCorr   .          Rampage  .   (no gloves)
Will    .....                   (no boots)
Stlth   ..........              (no amulet)
HPRegen 0.18/turn               f - ring of positive energy
MPRegen 0.11/turn               (no ring)

@: no status effects
A: high mp 1, forlorn
a: no special abilities


You were on level 5 of the Dungeon.
You visited 1 branch of the dungeon, and saw 5 of its levels.

You collected 186 gold pieces.
You spent 120 gold pieces at shops.

Inventory:

Hand Weapons
 a - a +0 flail (weapon)
 o - a +1 dagger of venom
 s - a +0 hand crossbow
Missiles
 m - 109 stones
 r - 25 bolts
 A - 15 poisoned darts (quivered)
Armour
 b - a +0 scale mail (worn)
 c - a +0 buckler
 d - a +0 cloak (worn)
 g - a +0 helmet (worn)
 y - the +0 leather armour of the Evening {rElec Will- Str+5}
   (You found it on level 4 of the Dungeon)

   Str:       It affects your strength (+5).
   rElec:     It insulates you from electricity.
   Will:      It decreases your willpower.
 C - a +0 kite shield (worn)
Jewellery
 f - a ring of positive energy (left hand)
Scrolls
 h - 3 scrolls of silence
 i - a scroll of fear {unknown}
 k - 2 scrolls of immolation {unknown}
 l - 3 scrolls of holy word {unknown}
 t - a scroll of torment {unknown}
 v - 2 scrolls of amnesia {unknown}
 w - 2 scrolls of teleportation {unknown}
 x - 2 scrolls of noise {unknown}
 z - 2 scrolls of identify
Potions
 e - a potion of flight
 j - 4 potions of brilliance
 n - 2 potions of curing
 p - a potion of lignification {unknown}
 q - a potion of invisibility {unknown}
 u - a potion of magic {unknown}
 B - a potion of ambrosia {unknown}
 D - a potion of might


   Skills:
 * Level 2.7 Fighting
 + Level 8.6 Maces & Flails
 * Level 2.7 Armour
 * Level 0.1 Dodging
 * Level 2.7 Shields


You had 6 spell levels left.
You didn't know any spells.
Your spell library contained the following spells:

 Spells                   Type           Power      Damage    Failure   Level
 Slow                     Hex            0%         N/A       99%         1
 Confusing Touch          Hex            0%         N/A       100%        3
 Ignite Poison            Fire/Tmut/Pois 0%         N/A       100%        3
 Mephitic Cloud           Conj/Pois/Air  0%         N/A       100%        3
 Freezing Cloud           Conj/Ice/Air   0%         6-21      100%        5
 Yara's Violent Unravell  Hex/Tmut       0%         3d3       100%        5


Dungeon Overview and Level Annotations

Branches:
Dungeon (5/15)             Temple (0/1) D:5

Shops:
D:4 *


Innate Abilities, Weirdness & Mutations

Your attributes grow dramatically as you level up.
You have an increased reservoir of magic. (+10% MP)
You shall have no god before yourself.


Message History

The black bear is almost dead.
You block the black bear's attack.
The black bear claws you but does no damage. x2
You block the black bear's attack. The black bear barely misses you.
You block the black bear's attack.
You closely miss the black bear.
The black bear is almost dead.
You block the black bear's attack. The black bear barely misses you.
You block the black bear's attack. The black bear bites you!
The black bear claws you.
* * * LOW HITPOINT WARNING * * *
The black bear claws you.
* * * LOW HITPOINT WARNING * * *
You block the black bear's attack. The black bear claws you.
* * * LOW HITPOINT WARNING * * *
The black bear claws you but does no damage.
The black bear rages.
The black bear bites you.
* * * LOW HITPOINT WARNING * * *
The black bear claws you but does no damage. x2
The black bear rages.
The black bear bites you but does no damage.
The black bear claws you.
* * * LOW HITPOINT WARNING * * *
The black bear barely misses you.
You feel better. You block the black bear's attack.
The black bear barely misses you. You block the black bear's attack.
The black bear bites you.
* * * LOW HITPOINT WARNING * * *
The black bear claws you but does no damage.
The black bear completely misses you.
You feel better. The black bear bites you.
* * * LOW HITPOINT WARNING * * *
The black bear claws you but does no damage.
The black bear claws you.
* * * LOW HITPOINT WARNING * * *
The black bear bites you.
* * * LOW HITPOINT WARNING * * *
You block the black bear's attack. The black bear claws you.
You die...

.........# #.#.# #..# #
########## #.#.#
#..#.#### #.#.#
#........ ##########.#.#
#.##.####
.............####.# #
#############.##....#
..............##.####
#############.##h#
...........#####@#####.#
##########.............#
#..####.#######
#..............
#...######.###. #...# #
#...# #...# #....


You could see a black bear (berserk).

Vanquished Creatures
  A centaur zombie (D:5)
  Grinder (D:3)
  A scorpion (D:4)
  A hound (D:4)
  2 orc priests (D:4)
  A scorpion zombie (D:5)
  3 orc wizards
  Robin (D:3)
  5 adders
  A shadow imp (D:5)
  2 adder skeletons (D:4)
  2 worms
  4 dart slugs
  12 orcs
  2 bats (D:3)
  5 endoplasms
  2 giant cockroaches
  20 goblins
  6 hobgoblins
  6 jackals
  5 kobolds
  3 quokkas
  7 ball pythons
  4 frilled lizards
  6 rats
103 creatures vanquished.

Vanquished Creatures (others)
  2 plants (D:4)
2 creatures vanquished.

Grand Total: 105 creatures vanquished

Notes
Turn   | Place    | Note
-------+----------+-------------------------------------------
     0 | D:1      | browni3141 the Demigod Fighter began the quest for the Orb.
     0 | D:1      | Reached XP level 1. HP: 18/18 MP: 3/3
    37 | D:1      | Reached skill level 2 in Maces & Flails
   187 | D:1      | Reached XP level 2. HP: 22/25 MP: 4/4
   491 | D:1      | Reached skill level 3 in Maces & Flails
  1016 | D:2      | Reached XP level 3. HP: 26/30 MP: 5/5
  1995 | D:3      | Reached skill level 4 in Maces & Flails
  2077 | D:3      | Reached XP level 4. HP: 26/37 MP: 6/6
  2429 | D:3      | Noticed Grinder
  2437 | D:3      | Killed Grinder
  2438 | D:3      | Reached skill level 6 in Maces & Flails
  2438 | D:3      | Reached XP level 5. HP: 33/42 MP: 7/7
  2438 | D:3      | Reached XP level 6. HP: 39/50 MP: 8/8
  2764 | D:3      | Noticed Robin
  2876 | D:3      | Killed Robin
  4500 | D:4      | Reached skill level 7 in Maces & Flails
  4835 | D:4      | Found Udeutom's Assorted Antiques.
  4842 | D:4      | Bought a scroll labelled GEOPATAPSI for 24 gold pieces
  4842 | D:4      | Bought a scroll labelled NAEREL GOULI for 24 gold pieces
  4842 | D:4      | Bought a scroll labelled NAEREL GOULI for 24 gold pieces
  4842 | D:4      | Bought a scroll labelled UKHISOUNIW for 24 gold pieces
  4842 | D:4      | Bought a scroll labelled TATZAM EPAEDOST for 24 gold pieces
  4922 | D:4      | Identified the +0 leather armour of the Evening {rElec
                  | Will- Str+5}
  5139 | D:5      | Entered Level 5 of the Dungeon
  5278 | D:5      | Found a staircase to the Ecumenical Temple.
  5317 | D:5      | Reached skill level 8 in Maces & Flails
  5317 | D:5      | Reached XP level 7. HP: 50/56 MP: 9/9
  5599 | D:5      | HP: 1/56 [black bear (4)]
  5599 | D:5      | Slain by a black bear

Illustrated notes

Levels and vault maps discovered:
D:1:      dpeg_arrival_yet_another_circle, layout_basic
D:2:      layout_basic, amethyst_killhole, minmay_misc_feat_doors
D:3:      layout_loops_ring, mainiacjoe_overflow_catwalk, led_sif_book,
          lemuel_coloured_pillars_altar, grunt_temple_overflow_cloverleaf,
          corexii_item_surrounded_by_moat, grunt_decor_junction,
          nicolae_elevator_lobby_asterisk, uniq_grinder, uniq_robin
D:4:      layout_loops_corners, mainiacjoe_overflow_alcove_2,
          mainiacjoe_overflow_surrounded_room, serial_shops,
          nicolae_shop_overgrown_old_shop
D:5:      layout_basic, minmay_temple_entry_steel_oval

Skill      XL: |  1  2  3  4  5  6 |
---------------+-------------------+-----
Maces & Flails | 2 3 4 6 8 |  8.6
Fighting       | |  2.7
Armour         | |  2.7
Dodging        | |  0.1
Shields        | |  2.7

Action                   |  1- 3 |  4- 6 |  7- 9 || total
-------------------------+-------+-------+-------++-------
Melee: Flail             |   150 |   192 |    26 ||   368
       Dagger            |       |     1 |       ||     1
Throw: Stone             |    10 |    21 |       ||    31
       Dart              |       |       |     1 ||     1
  Use: Scroll            |     3 |     1 |       ||     4
       Potion            |       |     1 |     2 ||     3
Armor: Scale mail        |    59 |    91 |    25 ||   175
Dodge: Dodged            |    68 |    89 |    17 ||   174
Block: Buckler           |    24 |    36 |       ||    60
       Kite shield       |       |       |    29 ||    29

Table legend: (Time is in decaauts)
 A = Elapsed time spent in this place.
 B = Non-inter-level travel time spent in this place.
 C = Inter-level travel time spent in this place.
 D = Time resting spent in this place.
 E = Time spent auto-exploring this place.
 F = Levels seen in this place.
 G = Mean time per level.
                   A        B        C        D        E       F      G
               +--------+--------+--------+--------+--------+-----+--------+
         Total |   5671 |   5460 |    211 |    331 |   3760 |   5 | 1134.2 |
       Dungeon |   5671 |   5460 |    211 |    331 |   3760 |   5 | 1134.2 |
               +--------+--------+--------+--------+--------+-----+--------+

Top non-repeatable levels by time:
     D:3: 1785 daAuts
     D:4: 1465 daAuts
     D:1: 1055 daAuts
     D:2: 899 daAuts
     D:5: 466 daAuts
